 Dungeon Crawl Stone Soup version 0.31.0-1-g2c135a0 (webtiles) character file.

Game seed: 10299214318023439801

22463 Kel the Fighter (level 13, -19/135 HPs)
             Began as a Gargoyle Berserker on Feb 10, 2024.
             Was a High Priest of Trog.
             Demolished by a death yak simulacrum (29 damage)
             ... on level 13 of the Dungeon.
             The game lasted 00:33:07 (14063 turns).

Kel the Fighter (Gargoyle Berserker)               Turns: 14063, Time: 00:33:08

Health: -19/135    AC: 38    Str: 24    XL:     13   Next: 0%
Magic:  13/13      EV:  7    Int: 10    God:    Trog [*****.]
Gold:   607        SH:  3    Dex:  9    Spells: 12/12 levels left

rFire   + . .        y - +5 flail (heavy)
rCold   . . .        s - +0 buckler
rNeg    + . .        C - +0 plate armour
rPois   ∞            p - +2 helmet
rElec   +            G - scarf {repulsion}
rCorr   .            M - +0 pair of gloves
SInv    .            E - +2 pair of boots
Will    .....        D - amulet of the acrobat Stlth
                     J - +4 ring of protection
HPRegen 0.42/turn    z - ring of protection from fire
MPRegen 0.13/turn

%: repel missiles, acrobat
@: mighty, berserking, very quick
A: sickness immunity, AC +9, negative energy resistance 1, electricity
resistance, torment resistance 1, petrification resistance
a: Renounce Religion, Berserk, Trog's Hand, Brothers in Arms


You were on level 13 of the Dungeon.
You worshipped Trog.
Trog was extremely pleased with you.
You visited 1 branch of the dungeon, and saw 13 of its levels.
You also visited: Sewer.

You collected 607 gold pieces.

Inventory:

Hand Weapons
 y - a +5 heavy flail (weapon)
Armour
 p - a +2 helmet (worn)
 s - a +0 buckler (worn)
 C - a +0 plate armour (worn)
 E - a +2 pair of boots (worn)
 G - a scarf of repulsion (worn)
 M - a +0 pair of gloves (worn)
Jewellery
 z - a ring of protection from fire (right hand)
 D - an amulet of the acrobat (around neck)
 J - a +4 ring of protection (left hand)
 Q - a ring of magical power
Wands
 g - a wand of iceblast (3)
 k - a wand of polymorph (4)
 K - a wand of quicksilver (2)
Scrolls
 a - 4 scrolls of fear
 e - 2 scrolls of immolation
 j - 4 scrolls of revelation
 m - a scroll of amnesia {unknown}
 n - a scroll of fog {unknown}
 q - a scroll of summoning {unknown}
 r - 3 scrolls of noise {unknown}
 t - 3 scrolls of poison {unknown}
 u - 3 scrolls of silence {unknown}
 v - a scroll of enchant armour {unknown}
 x - 4 scrolls of teleportation {unknown}
 A - a scroll of acquirement {unknown}
 I - 3 scrolls of vulnerability {unknown}
 L - 4 scrolls of enchant weapon
 O - a scroll of brand weapon {unknown}
 R - a scroll of identify
Potions
 b - 3 potions of enlightenment
 c - a potion of might
 d - a potion of magic
 h - 2 potions of heal wounds
 i - 7 potions of curing
 o - 2 potions of attraction {unknown}
 w - 2 potions of lignification {unknown}
 B - 2 potions of cancellation {unknown}
 F - 2 potions of haste {unknown}
 H - a potion of berserk rage {unknown}
 N - 2 potions of mutation {unknown}
 P - 2 potions of brilliance {unknown}
Miscellaneous
 f - a lightning rod (4/4)


   Skills:
 + Level 14.0 Fighting
 + Level 12.7 Maces & Flails
 + Level 13.6 Armour
 - Level 1.5 Dodging


You had 12 spell levels left.
You didn't know any spells.
Your spell library was empty.

Dungeon Overview and Level Annotations

Branches:
Dungeon (13/15)            Temple (0/1) D:5            Lair (0/5) D:9
    Orc (0/2) D:11          Sewer (visited)
 Vaults: D:13-14

Altars:
Cheibriados
Dithmenos
Fedhas
Hepliaklqana
Kikubaaqudgha
Nemelex Xobeh
Okawaru
Sif Muna
Wu Jian
Yredelemnul

Shops:
D:8 *


Innate Abilities, Weirdness & Mutations

You are immune to sickness and miasma.
Your stone body is resilient. (AC +9)
You are immune to poison.
You resist negative energy. (rN+)
You are resistant to electric shocks. (rElec)
You are resistant to unholy torment.
You are immune to petrification.


Message History

The necromancer hits you but does no damage.
Okay, then.
You hammer the necromancer like a gong!!!
The necromancer is almost dead.
The necromancer hits you with a +0 dagger.
* * * LOW HITPOINT WARNING * * *
The elephant simulacrum barely misses you.
You block the elephant simulacrum's attack.
You sock the necromancer!
You kill the necromancer!
Trog accepts your kill.
Trog appreciates your killing of a magic user.
The death yak simulacrum gores you but does no damage.
The elephant simulacrum tramples you but does no damage.
You block the elephant simulacrum's attack.
Your Fighting skill increases to level 14!
You have reached level 13!
You bludgeon the death yak simulacrum!!
The death yak simulacrum is heavily damaged.
You bludgeon the death yak simulacrum!!
The death yak simulacrum vaporises!
The elephant simulacrum tramples you.
* * * LOW HITPOINT WARNING * * *
You hold your ground!
The elephant simulacrum trunk-slaps you but does no damage.
You sock the elephant simulacrum!
The elephant simulacrum is moderately damaged.
You thump the elephant simulacrum!
The elephant simulacrum is almost destroyed.
The elephant simulacrum tramples you.
* * * LOW HITPOINT WARNING * * *
You hold your ground!
The elephant simulacrum trunk-slaps you but does no damage.
You bludgeon the elephant simulacrum!!
The elephant simulacrum vaporises!
Trog accepts your kill. The death yak simulacrum gores you!
* * * LOW HITPOINT WARNING * * *
The death yak simulacrum freezes you!!
You die...

#### ############# ...#
#...........### #...#
#.............### ###...#
#..P.#####......# ......# #..☼.#
#..###.# ......# #..P@# #..#
#.### # ......# #..Z†# #.## #...#
# ......# #.#'## #.# #...# #
....#########.#......#.####.^.###
#.#...........#....Y.#...........
#......####...#....#$#Y########..
######.# ##..#....# #.# #..
.......# ##.########.# #..
.#..#### #....†.....# ###


You could see a death yak simulacrum.

Vanquished Creatures
  A rakshasa (D:13)
  4 two-headed ogres
  A centaur warrior (D:12)
  A death yak (D:13)
  The ghost of Agrajag the Carver, a novice MfGl of Wu Jian (D:9)
  Pikel (D:5)
  A necromancer (D:13)
  A manticore (D:13)
  2 cyclopes (D:12)
  2 ugly things
  A meliai (shapeshifter) (D:13)
  An elephant (D:13)
  An unseen horror (D:12)
  5 kobold demonologists
  An efreet (D:13)
  3 trolls (D:10)
  5 slime creatures (D:12)
  5 shadows
  4 wyverns
  A wraith (D:12)
  A human (D:10)
  7 vampire mosquitoes
  24 yaks
  A basilisk (D:9)
  A steam dragon (D:10)
  2 wargs (D:10)
  An acid dragon (D:10)
  2 water moccasins
  4 ice beasts
  2 orc warriors
  2 black bears
  3 ogres
  5 centaurs
  A phantom (D:5)
  A lemure (D:5)
  3 bullfrogs
  5 kobold brigands
  3 scorpions
  6 wights (D:8)
  6 killer bees (D:8)
  An elephant simulacrum (D:13)
  2 howler monkeys (D:12)
  An electric eel (D:9)
  A bombardier beetle (D:5)
  A centaur zombie (D:9)
  3 hounds
  2 jellies
  14 orc priests
  Jessica (D:2)
  2 iguanas
  Terence (D:3)
  A hell rat (D:13)
  10 orc wizards
  A howler monkey zombie (D:9)
  Robin (D:2)
  10 adders
  10 gnolls
  3 shadow imps
  2 white imps
  4 ribbon worms
  13 dart slugs
  42 orcs
  11 endoplasms
  16 giant cockroaches
  8 hobgoblins
  4 jackals (D:4)
  6 quokkas
  20 ball pythons
  6 bats
  11 frilled lizards
  15 goblins
  20 kobolds
  6 rats
371 creatures vanquished.

Vanquished Creatures (others)
  A vault guard (D:13)
1 creature vanquished.

Grand Total: 372 creatures vanquished

Notes
Turn   | Place    | Note
-------+----------+-------------------------------------------
     0 | D:1      | Kel the Gargoyle Berserker began the quest for the Orb.
     0 | D:1      | Reached XP level 1. HP: 14/14 MP: 1/1
   103 | D:1      | Reached XP level 2. HP: 14/19 MP: 2/2
   653 | D:1      | Reached XP level 3. HP: 17/24 MP: 3/3
  1089 | D:2      | Reached skill level 4 in Fighting
  1128 | D:2      | Reached ** piety under Trog
  1145 | D:2      | Reached XP level 4. HP: 26/29 MP: 4/4
  1221 | D:2      | Noticed Jessica
  1226 | D:2      | Killed Jessica
  1274 | D:2      | Noticed Robin
  1283 | D:2      | Killed Robin
  1284 | D:2      | Reached XP level 5. HP: 34/34 MP: 5/5
  1857 | D:3      | Noticed Terence
  1870 | D:3      | Killed Terence
  1871 | D:3      | Reached XP level 6. HP: 14/40 MP: 6/6
  2189 | D:3      | Reached skill level 5 in Fighting
  2484 | D:3      | Found a shadowy altar of Dithmenos.
  2739 | D:3      | Reached *** piety under Trog
  3068 | D:4      | Reached skill level 5 in Maces & Flails
  3200 | D:4      | Noticed an ice beast
  3216 | D:4      | Reached XP level 7. HP: 44/44 MP: 7/7
  3220 | D:4      | Reached skill level 5 in Armour
  3604 | D:4      | Reached skill level 6 in Fighting
  4167 | D:5      | Entered Level 5 of the Dungeon
  4213 | D:5      | Noticed Pikel
  4223 | D:5      | Killed Pikel
  4224 | D:5      | Reached skill level 7 in Fighting
  4224 | D:5      | Reached XP level 8. HP: 53/53 MP: 8/8
  4670 | D:5      | Found a glowing drain.
  4674 | Sewer    | Entered a sewer
  4697 | Sewer    | Reached **** piety under Trog
  5168 | D:5      | Reached XP level 9. HP: 58/59 MP: 9/9
  5184 | D:5      | Found a staircase to the Ecumenical Temple.
  5551 | D:6      | Reached skill level 8 in Fighting
  5771 | D:6      | Found a shimmering blue altar of Sif Muna.
  5774 | D:6      | Found an iron altar of Okawaru.
  6420 | D:7      | Reached ***** piety under Trog
  6826 | D:7      | Found a sparkling altar of Nemelex Xobeh.
  7114 | D:8      | Noticed a two-headed ogre
  7122 | D:8      | Killed a two-headed ogre
  7123 | D:8      | Reached skill level 9 in Fighting
  7429 | D:8      | Reached XP level 10. HP: 57/66 MP: 10/10
  7585 | D:8      | Found Ridd's Mail-Order Catalogue.
  7778 | D:8      | Found an ancient bone altar of Kikubaaqudgha.
  8003 | D:8      | Found a hazy altar of Hepliaklqana.
  8154 | D:9      | Found a staircase to the Lair.
  8173 | D:8      | Reached skill level 10 in Fighting
  8412 | D:9      | Reached skill level 10 in Armour
  8597 | D:9      | Found a runed translucent gate.
  8597 | D:9      | Found a runed translucent gate.
  8597 | D:9      | Found a runed translucent gate.
  8597 | D:9      | Noticed Agrajag's ghost (novice MfGl)
  8599 | D:9      | Found a basalt altar of Yredelemnul.
  9023 | D:9      | Reached skill level 11 in Fighting
  9023 | D:9      | Reached skill level 10 in Maces & Flails
  9023 | D:9      | Reached XP level 11. HP: 68/74 MP: 11/11
  9166 | D:9      | Found a snail-covered altar of Cheibriados.
  9183 | D:9      | Found an ornate altar of the Wu Jian Council.
  9484 | D:9      | Killed Agrajag's ghost
  9539 | D:10     | Entered Level 10 of the Dungeon
  9604 | D:10     | Found a blossoming altar of Fedhas.
  9735 | D:10     | Noticed a sun demon
 10191 | D:10     | Reached skill level 12 in Fighting
 10487 | D:11     | Noticed a two-headed ogre
 10797 | D:10     | Killed a two-headed ogre
 11423 | D:11     | Found a staircase to the Orcish Mines.
 11488 | D:11     | Noticed a two-headed ogre
 11496 | D:11     | Killed a two-headed ogre
 11497 | D:11     | Reached XP level 12. HP: 82/82 MP: 12/12
 11842 | D:11     | Noticed a soul eater
 11870 | D:11     | Noticed a sun demon
 12333 | D:12     | Noticed a centaur warrior
 12350 | D:12     | Killed a centaur warrior
 12351 | D:12     | Reached skill level 13 in Fighting
 12356 | D:12     | Noticed a two-headed ogre
 12384 | D:12     | Killed a two-headed ogre
 13629 | D:13     | Noticed a rakshasa
 13650 | D:13     | Killed a rakshasa
 13726 | D:13     | Killed a vault guard
 14036 | D:13     | Noticed a death yak
 14056 | D:13     | Killed a death yak
 14059 | D:13     | Reached skill level 14 in Fighting
 14059 | D:13     | Reached XP level 13. HP: 22/90 MP: 13/13
 14063 | D:13     | Demolished by a death yak simulacrum

Illustrated notes

Levels and vault maps discovered:
D:1:      noname_arrival_rooms_in_the_neighbourhood, layout_basic,
          minmay_small_reverse_x
D:2:      layout_basic, uniq_jessica, uniq_robin
D:3:      layout_loops_ring, lemuel_round_altar, minmay_misc_feat_encased,
          uniq_terence
D:4:      minmay_door_path, layout_basic
D:5:      layout_loops_ring, minmay_temple_entry_fiery, gup_sewer_entry_spiral,
          nicolae_underground_beach, uniq_pikel
D:6:      layout_loops_cross, mainiacjoe_overflow_large_starburst,
          nicolae_zen_rock_garden
D:7:      layout_basic, mainiacjoe_overflow_alcove_2, hangedman_decor_points
D:8:      layout_basic, lemuel_doored_altar, kennysheep_mini,
          monkooky_shop_mail_order
D:9:      layout_small_grid, nicolae_yredelemnul_ghost_church,
          nicolae_overflow_squiral, minmay_lair_entry_grove
D:10:     layout_roguey, mainiacjoe_overflow_surrounded_room
D:11:     layout_long_grid, erik_orc_4, kennysheep_generic_room_7
D:12:     layout_grid_maze
D:13:     hellmonk_paralyzer, layout_basic, ximxim_vaults_locker_room,
          trove_entry_hex_spiral, portal_ice_cave_demonic_guard,
          eino_house_with_fridge

Skill      XL: |  1  2  3  4  5  6  7  8  9 10 11 12 |
---------------+-------------------------------------+-----
Fighting       | 4 5 7 9 11 12 14 | 14.0
Armour         | 3 4 6 7 8 10 12 13 | 13.6
Maces & Flails | 4 5 6 7 8 10 11 12 | 12.7
Dodging        | |  1.5

Action                     |  1- 3 |  4- 6 |  7- 9 | 10-12 | 13-15 || total
---------------------------+-------+-------+-------+-------+-------++-------
  Melee: Mace              |   124 |   237 |    46 |       |       ||   407
         Punch             |       |     2 |       |       |       ||     2
         Whip              |       |       |    26 |       |       ||    26
         Flail             |       |       |   263 |   518 |     5 ||   786
 Invoke: Berserk           |       |     4 |     4 |    14 |       ||    22
         Trog's Hand       |       |       |       |     1 |       ||     1
  Evoke: Wand              |       |       |       |     2 |       ||     2
    Use: Scroll            |       |       |       |    14 |       ||    14
         Potion            |       |       |       |     7 |       ||     7
 Armour: Animal skin       |    18 |       |       |       |       ||    18
         Ring mail         |    59 |       |       |       |       ||    59
         Quicksilver drago |       |   233 |   222 |       |       ||   455
         Plate armour      |       |       |   172 |   825 |     5 ||  1002
  Dodge: Dodged            |   100 |   153 |   236 |   340 |       ||   829
         Repelled          |       |       |     1 |     3 |       ||     4
  Block: Buckler           |       |    28 |    72 |   120 |       ||   220
